AA NE
HARRISBURG SENATORS @ BINGHAMTON RUMBLE PONIES
09/05/2041
 
TOP OF THE 1ST
Harrisburg Senators batting - Pitching for Binghamton Rumble Ponies : RHP Jim Unknown
Pitching: RHP Jim Unknown
Batting: RHB Jeff Lee 0-0: Ball
1-0: Foul Ball, location: 3F
1-1: Ball
2-1: Ball
3-1: SINGLE (Groundball, 34D, EV 97.5 MPH)
Batting: RHB Jake Johnson 0-0: Ball
1-0: Sac Bunt to 2L - play at first, batter OUT! 2-3
Jeff Lee to second
Batting: RHB Esteban Gonzáles 0-0: Called Strike
Jeff Lee steals 3rd base
0-1: Swinging Strike
0-2: DOUBLE (Flyball, 89XD, EV 94.4 MPH)
Jeff Lee scores
Batting: RHB Robinson Pérez 0-0: Ground out 6-3 (Groundball, 6, EV 78.8 MPH)
Batting: RHB Enrico Rodríguez 0-0: Ball
1-0: Called Strike
1-1: Fly out, F6 (Flyball, 6D, EV 87.5 MPH)
Top of the 1st over - 1 run, 2 hits, 0 errors, 1 left on base; Harrisburg 1 - Binghamton 0
BOTTOM OF THE 1ST
Binghamton Rumble Ponies batting - Pitching for Harrisburg Senators : RHP Jorge Sánchez
Pitching: RHP Jorge Sánchez
Batting: RHB Jim Unknown 0-0: Ground out 4-3 (Groundball, 4, EV 81.9 MPH)
Batting: LHB Jim Unknown 0-0: Swinging Strike
0-1: Ball
1-1: Ball
2-1: Ball
3-1: Foul Ball, location: 2F
3-2: Base on Balls
Batting: RHB Jim Unknown 0-0: SINGLE (Groundball, 34D, EV 95.0 MPH)
Jim Unknown to second
Runner from 2nd tries for 3rd, SAFE, throw by RF made to third
Jim Unknown to second
Batting: LHB Don McClure 0-0: Called Strike
0-1: Fly out, F6 (Popup, 6, EV 57.5 MPH)
Batting: RHB Jim Unknown 0-0: Called Strike
0-1: Ball
1-1: Swinging Strike
1-2: Strikes out swinging
Bottom of the 1st over - 0 runs, 1 hit, 0 errors, 2 left on base; Harrisburg 1 - Binghamton 0
TOP OF THE 2ND
Harrisburg Senators batting - Pitching for Binghamton Rumble Ponies : RHP Jim Unknown
Batting: RHB Robinson Flores 0-0: Called Strike
0-1: Foul Ball, location: 9LMF
0-2: Foul Ball, location: 9LMF
0-2: Foul Ball, location: 5F
0-2: Ball
1-2: Ball
2-2: Foul Ball, location: 2F
2-2: Foul Ball, location: 2F
2-2: Fly out, F7 (Flyball, 78S, EV 88.1 MPH)
Batting: LHB Josh Battle 0-0: Called Strike
0-1: Called Strike
0-2: Foul Ball, location: 2F
0-2: Foul Ball, location: 7LSF
0-2: Ball
1-2: Ball
2-2: Strikes out swinging
Batting: RHB Stan Boone 0-0: Ball
1-0: SOLO HOME RUN (Flyball, 7D, EV 94.4 MPH), Distance : 359 ft
Batting: RHB Víctor Sánchez 0-0: Called Strike
0-1: Swinging Strike
0-2: Ball
1-2: Ball
2-2: Strikes out swinging
Top of the 2nd over - 1 run, 1 hit, 0 errors, 0 left on base; Harrisburg 2 - Binghamton 0
BOTTOM OF THE 2ND
Binghamton Rumble Ponies batting - Pitching for Harrisburg Senators : RHP Jorge Sánchez
Batting: RHB Jim Unknown 0-0: Ball
1-0: Foul Ball, location: 2F
1-1: Ball
2-1: Foul Ball, location: 9LSF
2-2: Fly out, F3 (Popup, 3F, EV 61.9 MPH)
Batting: RHB Jim Unknown 0-0: Swinging Strike
0-1: Swinging Strike
0-2: Strikes out swinging
Batting: RHB Jim Unknown 0-0: Ball
1-0: Ball
2-0: Foul Ball, location: 2F
2-1: Ball
3-1: Foul Ball, location: 2F
3-2: Ground out U3 (Groundball, 13, EV 84.4 MPH)
Bottom of the 2nd over - 0 runs, 0 hits, 0 errors, 0 left on base; Harrisburg 2 - Binghamton 0
TOP OF THE 3RD
Harrisburg Senators batting - Pitching for Binghamton Rumble Ponies : RHP Jim Unknown
Batting: RHB Jeff Lee 0-0: Foul Ball, location: 2LF
0-1: Ball
1-1: Ball
2-1: Fly out, F8 (Flyball, 8LD, EV 93.8 MPH)
Batting: RHB Jake Johnson 0-0: Ground out 4-3 (Groundball, 34D, EV 98.1 MPH)
Batting: RHB Esteban Gonzáles 0-0: Foul Ball, location: 7LSF
0-1: Ground out 4-3 (Groundball, 4, EV 83.1 MPH)
Top of the 3rd over - 0 runs, 0 hits, 0 errors, 0 left on base; Harrisburg 2 - Binghamton 0
BOTTOM OF THE 3RD
Binghamton Rumble Ponies batting - Pitching for Harrisburg Senators : RHP Jorge Sánchez
Batting: RHB Jim Unknown 0-0: Ball
1-0: Ball
2-0: Called Strike
2-1: Foul Ball, location: 9LSFF
2-2: Foul Ball, location: 7LMFF
2-2: Strikes out looking
Batting: RHB Jim Unknown 0-0: Ball
1-0: SINGLE (Line Drive, 3D, EV 105.0 MPH)
Batting: LHB Jim Unknown 0-0: Ball
1-0: Swinging Strike
1-1: Ball
2-1: Swinging Strike
2-2: Foul Ball, location: 25F
2-2: Reached on error, E5 (Groundball, 56, EV 83.8 MPH)
Jim Unknown to second
Batting: RHB Jim Unknown 0-0: Ball
1-0: Fly out, F6 (Popup, 4MD, EV 48.1 MPH)
Batting: LHB Don McClure 0-0: Called Strike
0-1: Ball
1-1: Ball
2-1: Ball
3-1: Fielders Choice at 2nd, U6 (Groundball, 6M, EV 85.0 MPH)
Bottom of the 3rd over - 0 runs, 1 hit, 1 error, 2 left on base; Harrisburg 2 - Binghamton 0
TOP OF THE 4TH
Harrisburg Senators batting - Pitching for Binghamton Rumble Ponies : RHP Jim Unknown
Batting: RHB Robinson Pérez 0-0: Called Strike
0-1: SINGLE (Groundball, 34D, EV 103.8 MPH)
Batting: RHB Enrico Rodríguez 0-0: Called Strike
0-1: Foul Ball, location: 5F
0-2: Ball
1-2: Fly out, F7 (Line Drive, 7, EV 92.5 MPH)
Batting: RHB Robinson Flores 0-0: Ball
1-0: Called Strike
1-1: Ball
Robinson Pérez is caught stealing 2nd base 2-4
2-1: SINGLE (Line Drive, 89S, EV 86.9 MPH)
Batting: LHB Josh Battle 0-0: Called Strike
Robinson Flores steals 2nd base
0-1: Swinging Strike
0-2: SINGLE (Groundball, 34D, EV 95.0 MPH)
Robinson Flores to third
Runner from 3rd tries for Home, SAFE, throw by RF to home
Josh Battle to second
Batting: RHB Stan Boone 0-0: Ball
1-0: Ball
2-0: Called Strike
2-1: Called Strike
2-2: Ground out 6-3 (Groundball, 6, EV 83.1 MPH)
Top of the 4th over - 1 run, 3 hits, 0 errors, 1 left on base; Harrisburg 3 - Binghamton 0
BOTTOM OF THE 4TH
Binghamton Rumble Ponies batting - Pitching for Harrisburg Senators : RHP Jorge Sánchez
Batting: RHB Jim Unknown 0-0: Called Strike
0-1: Ball
1-1: Swinging Strike
1-2: SINGLE (Line Drive, 7S, EV 96.9 MPH)
Batting: RHB Jim Unknown 0-0: Sac Bunt to 3S - play at first, batter OUT! 3-4
Jim Unknown to second
Batting: RHB Jim Unknown 0-0: Ball
1-0: Called Strike
1-1: Foul Ball, location: 2F
1-2: Foul Ball, location: 9LSF
1-2: Ball
2-2: Fly out, F8 (Flyball, 8RD, EV 93.1 MPH)
Batting: RHB Jim Unknown 0-0: Ball
1-0: Reached on error, E4 (Groundball, 4, EV 100.6 MPH)
Batting: RHB Jim Unknown 0-0: SINGLE (Groundball, 4MD, EV 109.4 MPH)
Jim Unknown to third
Jim Unknown to second
Runner from 3rd tries for Home, SAFE, throw by CF to home
Batting: RHB Jim Unknown 0-0: Ball
1-0: Fly out, F4 (Popup, 4MD, EV 56.3 MPH)
Bottom of the 4th over - 1 run, 2 hits, 1 error, 2 left on base; Harrisburg 3 - Binghamton 1
TOP OF THE 5TH
Harrisburg Senators batting - Pitching for Binghamton Rumble Ponies : RHP Jim Unknown
Batting: RHB Víctor Sánchez 0-0: Called Strike
0-1: Ground out 5-3 (Groundball, 56, EV 81.9 MPH)
Batting: RHB Jeff Lee 0-0: Ball
1-0: Ball
2-0: Ball
3-0: Called Strike
3-1: Foul Ball, location: 7LDF
3-2: Base on Balls
Batting: RHB Jake Johnson 0-0: Called Strike
0-1: Ball
1-1: SINGLE (Groundball, 4D, EV 103.1 MPH)
Jeff Lee to second
Throwing error, E8
Jeff Lee scores
Jake Johnson to second
Batting: RHB Esteban Gonzáles 0-0: Called Strike
0-1: Ball
1-1: Ball
2-1: 2-RUN HOME RUN (Flyball, 89XD, EV 107.5 MPH), Distance : 425 ft
Pitching: RHP Jim Unknown
Batting: RHB Robinson Pérez 0-0: Fly out, F8 (Flyball, 8RD, EV 98.8 MPH)
Batting: RHB Enrico Rodríguez 0-0: Ball
1-0: Swinging Strike
1-1: Ball
2-1: Called Strike
2-2: Ground out 6-3 (Groundball, 6, EV 101.3 MPH)
Top of the 5th over - 3 runs, 2 hits, 1 error, 0 left on base; Harrisburg 6 - Binghamton 1
BOTTOM OF THE 5TH
Binghamton Rumble Ponies batting - Pitching for Harrisburg Senators : RHP Jorge Sánchez
Batting: LHB Jim Unknown 0-0: Foul Ball, location: 7LDF
0-1: Swinging Strike
0-2: Ball
1-2: Ball
2-2: Ground out 1-3 (Groundball, 13, EV 71.9 MPH)
Batting: RHB Jim Unknown 0-0: Called Strike
0-1: Foul Ball, location: 5FF
0-2: Ground out 6-3 (Groundball, 6, EV 101.9 MPH)
Batting: LHB Don McClure 0-0: Ball
1-0: Foul Ball, location: 2F
1-1: Foul Ball, location: 9LSFF
1-2: Ground out 4-3 (Groundball, 4, EV 87.5 MPH)
Bottom of the 5th over - 0 runs, 0 hits, 0 errors, 0 left on base; Harrisburg 6 - Binghamton 1
TOP OF THE 6TH
Harrisburg Senators batting - Pitching for Binghamton Rumble Ponies : RHP Jim Unknown
Batting: RHB Robinson Flores 0-0: Foul Ball, location: 5F
0-1: Foul Ball, location: 3FF
0-2: Ball
1-2: Ball
2-2: Ball
3-2: Strikes out swinging
Batting: LHB Josh Battle 0-0: Called Strike
0-1: Ball
1-1: Ball
2-1: Called Strike
2-2: Foul Ball, location: 2F
2-2: Strikes out swinging
Batting: RHB Stan Boone 0-0: Foul Ball, location: 3FF
0-1: Fly out, F4 (Popup, 34, EV 75.6 MPH)
Top of the 6th over - 0 runs, 0 hits, 0 errors, 0 left on base; Harrisburg 6 - Binghamton 1
BOTTOM OF THE 6TH
Binghamton Rumble Ponies batting - Pitching for Harrisburg Senators : RHP Jorge Sánchez
Batting: RHB Jim Unknown 0-0: Ball
1-0: Swinging Strike
1-1: Called Strike
1-2: Ground out 5-3 (Groundball, 56, EV 83.1 MPH)
Batting: RHB Jim Unknown 0-0: Foul Ball, location: 23F
0-1: Swinging Strike
0-2: Strikes out swinging, 2-3 out at first.
Batting: RHB Jim Unknown 0-0: Ball
1-0: Foul Ball, location: 9LDF
1-1: SINGLE (Line Drive, 34D, EV 95.6 MPH)
Batting: RHB Jim Unknown 0-0: Called Strike
0-1: Ball
1-1: Swinging Strike
1-2: Foul Ball, location: 25F
1-2: Ball
2-2: Strikes out swinging
Bottom of the 6th over - 0 runs, 1 hit, 0 errors, 1 left on base; Harrisburg 6 - Binghamton 1
TOP OF THE 7TH
Harrisburg Senators batting - Pitching for Binghamton Rumble Ponies : RHP Jim Unknown
Batting: RHB Víctor Sánchez 0-0: Called Strike
0-1: Fly out, F8 (Flyball, 8RXD, EV 103.1 MPH)
Batting: RHB Jeff Lee 0-0: Ball
1-0: Foul Ball, location: 2F
1-1: Ball
2-1: SINGLE (Groundball, 4S, EV 66.9 MPH) (infield hit)
Batting: RHB Jake Johnson 0-0: Called Strike
Jeff Lee steals 2nd base
0-1: Ground out 6-3 (Groundball, 56, EV 87.5 MPH)
Batting: RHB Esteban Gonzáles 0-0: SINGLE (Groundball, 56D, EV 106.3 MPH)
Jeff Lee to third
Runner from 3rd tries for Home, SAFE, throw by LF to home
Batting: RHB Robinson Pérez 0-0: Foul Ball, location: 23F
0-1: Foul Ball, location: 5F
0-2: Ball
1-2: Foul Ball, location: 9LMF
1-2: Foul Ball, location: 2F
1-2: Ball
2-2: Foul Ball, location: 9LMF
2-2: Strikes out swinging
Top of the 7th over - 1 run, 2 hits, 0 errors, 1 left on base; Harrisburg 7 - Binghamton 1
BOTTOM OF THE 7TH
Binghamton Rumble Ponies batting - Pitching for Harrisburg Senators : RHP Jorge Sánchez
Batting: RHB Jim Unknown 0-0: Foul Ball, location: 2F
0-1: Swinging Strike
0-2: Ball
1-2: Ball
2-2: Foul Ball, location: 5SF
2-2: Fly out, F7 (Flyball, 7, EV 92.5 MPH)
Pitching: RHP Scot Townsend
Batting: RHB Jim Unknown 0-0: Ball
1-0: Ground out 5-3 (Groundball, 56, EV 84.4 MPH)
Batting: LHB Jim Unknown 0-0: Ball
1-0: Ball
2-0: Ball
3-0: Base on Balls
Batting: RHB Jim Unknown 0-0: Ball
1-0: 2-RUN HOME RUN (Flyball, 7D, EV 98.1 MPH), Distance : 376 ft
Batting: LHB Don McClure 0-0: Called Strike
0-1: Ball
1-1: Foul Ball, location: 7LMF
1-2: Strikes out swinging
Bottom of the 7th over - 2 runs, 1 hit, 0 errors, 0 left on base; Harrisburg 7 - Binghamton 3
TOP OF THE 8TH
Harrisburg Senators batting - Pitching for Binghamton Rumble Ponies : RHP Jim Unknown
DELAY Rain delay of 25 minutes in the 8th inning.
Batting: RHB Enrico Rodríguez 0-0: Ball
1-0: Reached on error, E5 (Groundball, 5L, EV 96.9 MPH)
Batting: RHB Robinson Flores 0-0: Swinging Strike
0-1: Ball
1-1: Foul Ball, location: 25F
1-2: Ball
2-2: Grounds into double play, 5-4-3 (Groundball, 56, EV 87.5 MPH)
Batting: LHB Josh Battle 0-0: Called Strike
0-1: Swinging Strike
0-2: Ball
1-2: Ball
2-2: Ball
3-2: Base on Balls
Pitching: RHP Jim Unknown
Batting: RHB Stan Boone 0-0: Called Strike
0-1: Swinging Strike
0-2: Strikes out swinging
Top of the 8th over - 0 runs, 0 hits, 1 error, 1 left on base; Harrisburg 7 - Binghamton 3
BOTTOM OF THE 8TH
Binghamton Rumble Ponies batting - Pitching for Harrisburg Senators : RHP Scot Townsend
Batting: RHB Jim Unknown 0-0: Ball
1-0: Ball
2-0: Ball
3-0: Base on Balls
Batting: RHB Jim Unknown 0-0: Ball
1-0: Called Strike
1-1: Ball
2-1: Foul Ball, location: 3SF
2-2: Ball
3-2: Foul Ball, location: 2F
3-2: Foul Ball, location: 2F
3-2: Foul Ball, location: 2F
3-2: Fly out, F8 (Flyball, 8RD, EV 103.1 MPH)
Batting: RHB Jim Unknown 0-0: Grounds into double play, 4-6-3 (Groundball, 4M, EV 88.1 MPH)
Bottom of the 8th over - 0 runs, 0 hits, 0 errors, 0 left on base; Harrisburg 7 - Binghamton 3
TOP OF THE 9TH
Harrisburg Senators batting - Pitching for Binghamton Rumble Ponies : RHP Jim Unknown
Batting: RHB Víctor Sánchez 0-0: Ball
1-0: Ball
2-0: Ball
3-0: Base on Balls
Batting: RHB Jeff Lee 0-0: Ball
1-0: Ball
2-0: Fly out, F9 (Flyball, 9LM, EV 81.3 MPH)
Batting: RHB Jake Johnson 0-0: Ball
1-0: DOUBLE (Line Drive, 9LM, EV 91.3 MPH)
Víctor Sánchez to third
Runner from 3rd tries for Home, SAFE, throw by RF to home
Batting: RHB Esteban Gonzáles 0-0: Fly out, F8 (Flyball, 8LM, EV 89.4 MPH)
Batting: RHB Robinson Pérez 0-0: SINGLE (Groundball, 34D, EV 105.6 MPH)
Jake Johnson to third
Runner from 3rd tries for Home, SAFE, throw by RF to home
Batting: RHB Enrico Rodríguez 0-0: Ball
1-0: Ball
2-0: Fly out, F7 (Line Drive, 78D, EV 87.5 MPH)
Top of the 9th over - 2 runs, 2 hits, 0 errors, 1 left on base; Harrisburg 9 - Binghamton 3
BOTTOM OF THE 9TH
Binghamton Rumble Ponies batting - Pitching for Harrisburg Senators : RHP Scot Townsend
Pinch Hitting: LHB Jim Unknown 0-0: Ball
1-0: Swinging Strike
1-1: Ball
2-1: Swinging Strike
2-2: Ball
3-2: Foul Ball, location: 25FF
3-2: Strikes out swinging
Batting: RHB Jim Unknown 0-0: Called Strike
0-1: Fly out, F8 (Line Drive, 8RD, EV 89.4 MPH)
Batting: RHB Jim Unknown 0-0: Called Strike
0-1: Fly out, F7 (Flyball, 7D, EV 106.3 MPH)
Bottom of the 9th over - 0 runs, 0 hits, 0 errors, 0 left on base; Harrisburg 9 - Binghamton 3
Monday, April 1st , 2024 - OOTP Baseball 24.10 Build 82